 Dungeon Crawl Stone Soup version 0.31-a0-640-g39d97e502b (webtiles) character file.

Game seed: 3581493510232282611

11 GordonOverkill the Sneak (level 2, -1/16 HPs)
             Began as a Vine Stalker Delver on Aug 28, 2023.
             Slain by a howler monkey (6 damage)
             ... on level 4 of the Dungeon.
             The game lasted 00:01:03 (311 turns).

GordonOverkill the Sneak (Vine Stalker Delver)       Turns: 311, Time: 00:01:04

Health: -1/16      AC:  3    Str: 14    XL:     2   Next: 25%
Magic:  0/3        EV: 11    Int: 10    God:
Gold:   0          SH:  0    Dex: 15    Spells: 1/1 levels left

rFire   . .          .
                       - Unarmed
rCold   . . .        (no shield)
rNeg    . . .        a - +0 leather armour
rPois   .            (no helmet)
rElec   .            (no cloak)
rCorr   .            (no gloves)
SInv    .            (no boots)
Will    .....        (no amulet)
Stlth   +++          k - ring of flight
HPRegen 0.22/turn    (no ring)
MPRegen 0.08/turn

%: guardian spirit
@: flying
A: fangs 2, magic shield, antimagic bite, no potion heal 2
a: no special abilities


You were on level 4 of the Dungeon.
You visited 1 branch of the dungeon, and saw 3 of its levels.

Inventory:

Missiles
 m - a throwing net
 n - 4 poisoned darts (quivered)
Armour
 a - a +0 leather armour (worn)
 g - a +0 tower shield
 i - a +0 chain mail
Jewellery
 k - a ring of flight (left hand)
Wands
 f - a wand of digging (3)
Scrolls
 b - a scroll of fog
 c - a scroll of revelation
 d - a scroll of fear
 h - a scroll of noise {unknown}
Potions
 e - a potion of haste
 j - a potion of enlightenment {unknown}
 l - a potion of magic {unknown}


   Skills:
 + Level 3.0 Fighting
 + Level 0.0 Throwing
 - Level 1.5 Dodging
 - Level 6.0 Stealth
 + Level 2.4 Unarmed Combat


You had one spell level left.
You didn't know any spells.
Your spell library was empty.

Dungeon Overview and Level Annotations

Branches:
Dungeon (6/15)
 Temple: D:4-7

Altars:

Annotations:
D:5 exclusion: gnoll


Innate Abilities, Weirdness & Mutations

You have extremely sharp teeth.
When hurt, damage is shared between your health and your magic reserves.
Your bite disrupts and absorbs the magic of your enemies.
Potions cannot restore your health.


Message History

The goblin shouts!
You hear a howl!
A howler monkey comes into view.
The howler monkey hoots and howls with incredible vigour!
You hear an angry hiss.
You hear a bark!
You hear a shout!
Found a scroll labelled XOLUAD FUARODD.
You closely miss the goblin. The goblin completely misses you.
The goblin unwields a +0 dagger.
The goblin wields a +0 sling.
The goblin shoots a sling bullet.
The sling bullet closely misses you.
The howler monkey hoots and howls with incredible vigour!
You hear an angry hiss.
The goblin shoots a sling bullet.
The sling bullet hits you.
An adder comes into view.
The goblin shoots a sling bullet.
The sling bullet hits you but does no damage.
You see here 5 stones.
The goblin shoots a sling bullet.
The sling bullet hits you.
The howler monkey hoots and howls with incredible vigour!
The goblin shoots a sling bullet.
The sling bullet hits you.
* * * LOW HITPOINT WARNING * * *
You start resting.
A howler monkey is nearby!
The howler monkey hits you.
* * * LOW HITPOINT WARNING * * *
You barely miss the howler monkey. The howler monkey hits you.
* * * LOW HITPOINT WARNING * * *
The howler monkey barely misses you.
Throw: 6 darts (poison)
Press: ? - help, Q - select action, (/) - cycle Shift-Dir - straight line, f - howler monkey
Aim: a howler monkey (52% to hit)
You throw a poisoned dart.
The poisoned dart hits the howler monkey.
The howler monkey hits you.
* * * LOW HITPOINT WARNING * * *
Throw: 5 darts (poison)
Press: ? - help, Q - select action, (/) - cycle Shift-Dir - straight line, f/p - howler monkey
Aim: a howler monkey (52% to hit)
You throw a poisoned dart.
The poisoned dart barely misses the howler monkey.
The howler monkey hits you!
You die...

####### #...@.# #.###h#
###†..#g#####
#)....#.....#
#####.###...(.#.#
##.......#)###...##
#..#.....#...#....#
#)##.###....)#.##.##
######.##...#.###.......#


You could see a howler monkey and a goblin.

Vanquished Creatures
  A worm (D:4)
  An orc (D:5)
  A giant cockroach (D:4)
  2 goblins (D:4)
  A hobgoblin (D:4)
6 creatures vanquished.

Notes
Turn   | Place    | Note
-------+----------+-------------------------------------------
     0 | D:5      | GordonOverkill the Vine Stalker Delver began the quest for
                  | the Orb.
     0 | D:5      | Reached XP level 1. HP: 11/11 MP: 2/2
   136 | D:4      | Reached XP level 2. HP: 15/16 MP: 3/3
   290 | D:4      | Noticed a howler monkey
   311 | D:4      | Slain by a howler monkey

Illustrated notes

Levels and vault maps discovered:
D:4:      layout_rooms, nrook_loot_triangle, eino_tiny_chamber,
          hangedman_decor_points
D:5:      cheibrodos_barr_body, layout_gridville, mainiacjoe_overflow_boulevard,
          pf_just_have_faith
D:6:      layout_gridville, evilmike_ruin_ashenzari

Skill      XL: |  1 |
---------------+----+-----
Fighting       | 3 |  3.0
Dodging        | |  1.5
Stealth        | |  6.0
Unarmed Combat | |  2.4

Action                     || total
---------------------------++-------
  Melee: Unarmed           ||    26
         Bite              ||     7
         Punch             ||     2
  Throw: Dart              ||     2
   Stab: Sleeping          ||     3
 Armour: Leather armour    ||     7
  Dodge: Dodged            ||    14

Table legend: (Time is in decaauts)
 A = Elapsed time spent in this place.
 B = Non-inter-level travel time spent in this place.
 C = Inter-level travel time spent in this place.
 D = Time resting spent in this place.
 E = Time spent auto-exploring this place.
 F = Levels seen in this place.
 G = Mean time per level.
                   A        B        C        D        E       F      G
               +--------+--------+--------+--------+--------+-----+--------+
         Total |    309 |    309 |      0 |    131 |      7 |   3 |  103.0 |
       Dungeon |    309 |    309 |      0 |    131 |      7 |   3 |  103.0 |
               +--------+--------+--------+--------+--------+-----+--------+

Top non-repeatable levels by time:
     D:4: 224 daAuts
     D:5: 60 daAuts
     D:6: 24 daAuts
